ORI
OREGON STATE UNIVERSITY BEAVERS @ ARIZONA STATE UNIVERSITY SUN DEVILS
11/17/2048
 
TOP OF THE 1ST
University of Nebraska Cornhuskers batting - Pitching for Arizona State University Sun Devils : RHP Sho Fukumoto
Pitching: RHP Sho Fukumoto
Batting: RHB Aidan Collet 0-0: Ball
1-0: Called Strike
1-1: Swinging Strike
1-2: Ball
2-2: Strikes out swinging
Batting: RHB Danny Forbes 0-0: Ball
1-0: Fly out, F8 (Flyball, 8RD, EV 88.8 MPH)
Batting: RHB Zion Jones 0-0: SINGLE (Line Drive, 34D, EV 101.9 MPH)
Batting: RHB Chris Anthony 0-0: Called Strike
0-1: Swinging Strike
0-2: Ball
1-2: Ball
2-2: Strikes out swinging
Top of the 1st over - 0 runs, 1 hit, 0 errors, 1 left on base; University of Nebraska 0 - Arizona State University 0
BOTTOM OF THE 1ST
Arizona State University Sun Devils batting - Pitching for University of Nebraska Cornhuskers : RHP Alvaro de la Paz
Pitching: RHP Alvaro de la Paz
Batting: LHB Timon Giorgiou 0-0: Called Strike
0-1: Ball
1-1: Ball
2-1: Ground out 4-3 (Groundball, 4, EV 106.2 MPH)
Batting: RHB Rusty Gee 0-0: Called Strike
0-1: Foul Ball, location: 2F
0-2: Ball
1-2: Ball
2-2: Foul Ball, location: 2F
2-2: Foul Ball, location: 2F
2-2: Ball
3-2: Fly out, F4 (Popup, 4D, EV 66.9 MPH)
Batting: LHB Eric Russell 0-0: Fly out, F5 (Line Drive, 5L, EV 73.1 MPH)
Bottom of the 1st over - 0 runs, 0 hits, 0 errors, 0 left on base; University of Nebraska 0 - Arizona State University 0
TOP OF THE 2ND
University of Nebraska Cornhuskers batting - Pitching for Arizona State University Sun Devils : RHP Sho Fukumoto
Batting: SHB Kent Worboys 0-0: Ball
1-0: Ball
2-0: Fly out, F7 (Line Drive, 7, EV 93.8 MPH)
Batting: LHB Avicenna Abdul-Muta'al 0-0: Called Strike
0-1: Foul Ball, location: 2F
0-2: Ball
1-2: Ball
2-2: Ball
3-2: Fly out, F9 (Flyball, 9D, EV 79.4 MPH)
Batting: RHB Jason Blakeley 0-0: Called Strike
0-1: Foul Ball, location: 2F
0-2: Ball
1-2: Foul Ball, location: 2F
1-2: Strikes out swinging
Top of the 2nd over - 0 runs, 0 hits, 0 errors, 0 left on base; University of Nebraska 0 - Arizona State University 0
BOTTOM OF THE 2ND
Arizona State University Sun Devils batting - Pitching for University of Nebraska Cornhuskers : RHP Alvaro de la Paz
Batting: LHB Dustin Gill 0-0: Foul Ball, location: 2F
0-1: Swinging Strike
0-2: Foul Ball, location: 2F
0-2: Ball
1-2: Strikes out swinging
Batting: RHB Jun-hyuk Leem 0-0: Swinging Strike
0-1: Ball
1-1: Ball
2-1: Swinging Strike
2-2: Ball
3-2: Ground out 2-3 (Groundball, 2R, EV 70.6 MPH)
Batting: RHB Carl Evans 0-0: Called Strike
0-1: Ball
1-1: Ball
2-1: Ball
3-1: Fly out, F2 (Popup, 3SF, EV 77.5 MPH)
Bottom of the 2nd over - 0 runs, 0 hits, 0 errors, 0 left on base; University of Nebraska 0 - Arizona State University 0
TOP OF THE 3RD
University of Nebraska Cornhuskers batting - Pitching for Arizona State University Sun Devils : RHP Sho Fukumoto
Batting: RHB Tariq Garane 0-0: Called Strike
0-1: Foul Ball, location: 2F
0-2: SINGLE (Line Drive, 56D, EV 97.5 MPH)
Batting: RHB Will England 0-0: Ball
1-0: Foul Ball, location: 2F
1-1: Fielders Choice at 2nd, 5-4 (Groundball, 56, EV 78.8 MPH)
Batting: RHB Aidan Collet 0-0: Fly out, F8 (Flyball, 8RXD, EV 87.5 MPH)
Batting: RHB Danny Forbes 0-0: Fly out, F8 (Line Drive, 8RM, EV 92.5 MPH)
Top of the 3rd over - 0 runs, 1 hit, 0 errors, 1 left on base; University of Nebraska 0 - Arizona State University 0
BOTTOM OF THE 3RD
Arizona State University Sun Devils batting - Pitching for University of Nebraska Cornhuskers : RHP Alvaro de la Paz
Batting: RHB David Krebs 0-0: Foul Ball, location: 2F
0-1: Ball
1-1: Ball
2-1: Swinging Strike
2-2: Strikes out swinging
Batting: LHB Burraga Iukini 0-0: Ball
1-0: Called Strike
1-1: Foul Ball, location: 2F
1-2: Ball
2-2: Strikes out looking
Batting: RHB Israel Tobias 0-0: Foul Ball, location: 2F
0-1: Swinging Strike
0-2: Strikes out swinging
Bottom of the 3rd over - 0 runs, 0 hits, 0 errors, 0 left on base; University of Nebraska 0 - Arizona State University 0
TOP OF THE 4TH
University of Nebraska Cornhuskers batting - Pitching for Arizona State University Sun Devils : RHP Sho Fukumoto
Batting: RHB Zion Jones 0-0: Ball
1-0: Reached on error, E5 (Groundball, 56, EV 105.6 MPH)
Batting: RHB Chris Anthony 0-0: Ball
1-0: Ball
2-0: Called Strike
2-1: Ball
3-1: Base on Balls
Batting: SHB Kent Worboys 0-0: Ball
1-0: Ball
2-0: Foul Ball, location: 2F
2-1: Grounds into double play, 4-6-3 (Groundball, 4, EV 101.9 MPH)
Zion Jones to third
Batting: LHB Avicenna Abdul-Muta'al 0-0: Ball
1-0: Swinging Strike
1-1: Ball
2-1: Foul Ball, location: 2F
2-2: Strikes out swinging
Top of the 4th over - 0 runs, 0 hits, 1 error, 1 left on base; University of Nebraska 0 - Arizona State University 0
BOTTOM OF THE 4TH
Arizona State University Sun Devils batting - Pitching for University of Nebraska Cornhuskers : RHP Alvaro de la Paz
Batting: LHB Timon Giorgiou 0-0: Foul Ball, location: 2F
0-1: Foul Ball, location: 2F
0-2: Ball
1-2: Ball
2-2: Foul Ball, location: 2F
2-2: Ground out 5-3 (Groundball, 15, EV 84.4 MPH)
Batting: RHB Rusty Gee 0-0: Ball
1-0: Called Strike
1-1: Swinging Strike
1-2: Strikes out looking
Batting: LHB Eric Russell 0-0: Called Strike
0-1: Foul Ball, location: 2F
0-2: Strikes out swinging
Bottom of the 4th over - 0 runs, 0 hits, 0 errors, 0 left on base; University of Nebraska 0 - Arizona State University 0
TOP OF THE 5TH
University of Nebraska Cornhuskers batting - Pitching for Arizona State University Sun Devils : RHP Sho Fukumoto
Batting: RHB Jason Blakeley 0-0: Called Strike
0-1: Foul Ball, location: 2F
0-2: Ball
1-2: Strikes out swinging
Batting: RHB Tariq Garane 0-0: Called Strike
0-1: Called Strike
0-2: SINGLE (Groundball, 15S, EV 71.2 MPH) (infield hit)
Batting: RHB Will England 0-0: Called Strike
0-1: Ball
1-1: Called Strike
Tariq Garane is caught stealing 2nd base 2-4
1-2: Ball
2-2: Ball
3-2: Ground out 4-3 (Groundball, 4M, EV 104.4 MPH)
Top of the 5th over - 0 runs, 1 hit, 0 errors, 0 left on base; University of Nebraska 0 - Arizona State University 0
BOTTOM OF THE 5TH
Arizona State University Sun Devils batting - Pitching for University of Nebraska Cornhuskers : RHP Alvaro de la Paz
Batting: LHB Dustin Gill 0-0: Foul Ball, location: 2F
0-1: Ball
1-1: Called Strike
1-2: Reached on error, E4 (Groundball, 34, EV 85.6 MPH)
Batting: RHB Jun-hyuk Leem 0-0: Ball
1-0: Called Strike
1-1: Fielders Choice at 2nd, 3-6 (Groundball, 34S, EV 84.4 MPH)
Batting: RHB Carl Evans 0-0: Called Strike
0-1: Ball
1-1: Foul Ball, location: 2F
1-2: Foul Ball, location: 2F
1-2: Ball
2-2: Strikes out swinging
Batting: RHB David Krebs 0-0: Ball
1-0: Called Strike
1-1: Foul Ball, location: 2F
1-2: Ground out 4-3 (Groundball, 4, EV 84.4 MPH)
Bottom of the 5th over - 0 runs, 0 hits, 1 error, 1 left on base; University of Nebraska 0 - Arizona State University 0
TOP OF THE 6TH
University of Nebraska Cornhuskers batting - Pitching for Arizona State University Sun Devils : RHP Sho Fukumoto
Batting: RHB Aidan Collet 0-0: Foul Ball, location: 2F
0-1: Foul Ball, location: 2F
0-2: Ball
1-2: Ball
2-2: Foul Ball, location: 2F
2-2: Strikes out swinging
Batting: RHB Danny Forbes 0-0: Called Strike
0-1: Ball
1-1: Foul Ball, location: 2F
1-2: Foul Ball, location: 2F
1-2: Foul Ball, location: 2F
1-2: Ball
2-2: Strikes out swinging
Batting: RHB Zion Jones 0-0: Ball
1-0: Swinging Strike
1-1: Called Strike
1-2: Ground out 6-3 (Groundball, 6, EV 91.9 MPH)
Top of the 6th over - 0 runs, 0 hits, 0 errors, 0 left on base; University of Nebraska 0 - Arizona State University 0
BOTTOM OF THE 6TH
Arizona State University Sun Devils batting - Pitching for University of Nebraska Cornhuskers : RHP Alvaro de la Paz
Batting: LHB Burraga Iukini 0-0: Swinging Strike
0-1: Ball
1-1: Ball
2-1: Foul Ball, location: 2F
2-2: Ball
3-2: Fly out, F3 (Popup, 3SF, EV 75.6 MPH)
Pitching: RHP Doug Haas
Batting: RHB Israel Tobias 0-0: Ball
1-0: Ground out 4-3 (Groundball, 4, EV 102.5 MPH)
Batting: LHB Timon Giorgiou 0-0: Foul Ball, location: 2F
0-1: Foul Ball, location: 2F
0-2: Foul Ball, location: 2F
0-2: Foul Ball, location: 2F
0-2: Foul Ball, location: 2F
0-2: Foul Ball, location: 2F
0-2: Ball
1-2: Ball
2-2: Ball
3-2: Fly out, F8 (Flyball, 8LM, EV 71.2 MPH)
Bottom of the 6th over - 0 runs, 0 hits, 0 errors, 0 left on base; University of Nebraska 0 - Arizona State University 0
TOP OF THE 7TH
University of Nebraska Cornhuskers batting - Pitching for Arizona State University Sun Devils : RHP Sho Fukumoto
Pitching: RHP Andrew Frugoli
Batting: RHB Chris Anthony 0-0: Called Strike
0-1: SINGLE (Groundball, 6MS, EV 75.0 MPH) (infield hit)
Batting: SHB Kent Worboys 0-0: Called Strike
0-1: Called Strike
Chris Anthony steals 2nd base (no throw)
0-2: Ball
1-2: Ground out 4-3 (Groundball, 4, EV 89.4 MPH)
Chris Anthony to third
Batting: LHB Avicenna Abdul-Muta'al 0-0: Ball
1-0: Ball
2-0: Foul Ball, location: 2F
2-1: Called Strike
2-2: Ball
3-2: Foul Ball, location: 2F
3-2: Ground out 5-3 (Groundball, 56S, EV 75.0 MPH)
Batting: RHB Jason Blakeley 0-0: Foul Ball, location: 2F
0-1: Ground out 5-3 (Groundball, 56, EV 103.8 MPH)
Top of the 7th over - 0 runs, 1 hit, 0 errors, 1 left on base; University of Nebraska 0 - Arizona State University 0
BOTTOM OF THE 7TH
Arizona State University Sun Devils batting - Pitching for University of Nebraska Cornhuskers : RHP Doug Haas
Batting: RHB Rusty Gee 0-0: Ball
1-0: Ball
2-0: Ball
3-0: Called Strike
3-1: Swinging Strike
3-2: Strikes out looking
Batting: LHB Eric Russell 0-0: Called Strike
0-1: Ball
1-1: Ball
2-1: Ball
3-1: Ground out 3-1 (Groundball, 34S, EV 86.9 MPH)
Batting: LHB Dustin Gill 0-0: Ball
1-0: Ball
2-0: Ball
3-0: Called Strike
3-1: Swinging Strike
3-2: Fly out, F5 (Line Drive, 5L, EV 65.6 MPH)
Bottom of the 7th over - 0 runs, 0 hits, 0 errors, 0 left on base; University of Nebraska 0 - Arizona State University 0
TOP OF THE 8TH
University of Nebraska Cornhuskers batting - Pitching for Arizona State University Sun Devils : RHP Andrew Frugoli
Batting: RHB Tariq Garane 0-0: Ball
1-0: Ball
2-0: Foul Ball, location: 2F
2-1: Foul Ball, location: 2F
2-2: Ball
3-2: SINGLE (Groundball, 34D, EV 97.5 MPH)
Batting: RHB Will England 0-0: Ball
1-0: Bunt missed!
1-1: Bunt missed!
1-2: Foul Ball, location: 2F
1-2: Foul Ball, location: 2F
1-2: Ball
2-2: Ball
3-2: Foul Ball, location: 2F
3-2: Fly out, F8 (Line Drive, 8LM, EV 98.1 MPH)
Batting: RHB Aidan Collet 0-0: Called Strike
0-1: Foul Ball, location: 2F
0-2: Ball
1-2: Ball
2-2: Ball
3-2: Fly out, F8 (Flyball, 8RM, EV 90.0 MPH)
Pitching: LHP Jeremiah Brown
Batting: RHB Danny Forbes 0-0: Ball
1-0: Ball
2-0: Ball
3-0: Foul Ball, location: 2F
3-1: Base on Balls
Tariq Garane to second
Batting: RHB Zion Jones 0-0: Ball
1-0: Foul Ball, location: 2F
1-1: Ball
2-1: Ball
3-1: Foul Ball, location: 2F
3-2: Foul Ball, location: 2F
3-2: Base on Balls
Tariq Garane to third
Danny Forbes to second
Batting: RHB Chris Anthony 0-0: Ground out 5-3 (Groundball, 56S, EV 85.6 MPH)
Top of the 8th over - 0 runs, 1 hit, 0 errors, 3 left on base; University of Nebraska 0 - Arizona State University 0
BOTTOM OF THE 8TH
Arizona State University Sun Devils batting - Pitching for University of Nebraska Cornhuskers : RHP Doug Haas
Pitching: RHP Bastião Barrocas
Batting: RHB Jun-hyuk Leem 0-0: Foul Ball, location: 2F
0-1: Ball
1-1: Ball
2-1: Ball
3-1: Foul Ball, location: 2F
3-2: Fly out, F7 (Flyball, 7D, EV 92.5 MPH)
Batting: RHB Carl Evans 0-0: Ball
1-0: Fly out, F7 (Flyball, 7, EV 78.8 MPH)
Batting: RHB David Krebs 0-0: Foul Ball, location: 2F
0-1: Ball
1-1: DOUBLE (Groundball, 5L, EV 104.4 MPH)
Batting: LHB Burraga Iukini 0-0: Called Strike
0-1: Ball
1-1: Ball
2-1: Foul Ball, location: 2F
2-2: Foul Ball, location: 2F
2-2: Ball
3-2: SINGLE (Groundball, 56, EV 102.5 MPH)
David Krebs to third
Runner from 3rd tries for Home, throw by LF and OUT! 7-2
Bottom of the 8th over - 0 runs, 2 hits, 0 errors, 1 left on base; University of Nebraska 0 - Arizona State University 0
TOP OF THE 9TH
University of Nebraska Cornhuskers batting - Pitching for Arizona State University Sun Devils : LHP Jeremiah Brown
Pinch Hitting: LHB Bob Appleby 0-0: Ball
1-0: Called Strike
1-1: Called Strike
1-2: Ball
2-2: Ball
3-2: Base on Balls
Batting: LHB Avicenna Abdul-Muta'al 0-0: Called Strike
0-1: Swinging Strike
0-2: Hit by Pitch
Bob Appleby to second
Batting: RHB Jason Blakeley 0-0: Called Strike
0-1: Ball
1-1: Swinging Strike
1-2: Ball
2-2: Strikes out swinging
Batting: RHB Tariq Garane 0-0: Called Strike
0-1: Ball
1-1: Called Strike
1-2: Ball
2-2: Grounds into double play, 6-4-3 (Groundball, 6, EV 84.4 MPH)
Top of the 9th over - 0 runs, 0 hits, 0 errors, 1 left on base; University of Nebraska 0 - Arizona State University 0
BOTTOM OF THE 9TH
Arizona State University Sun Devils batting - Pitching for University of Nebraska Cornhuskers : RHP Bastião Barrocas
Pitching: RHP Jason Kelly
Now at 1B: Bob Appleby
Batting: RHB Israel Tobias 0-0: Ball
1-0: Ball
2-0: Swinging Strike
2-1: Swinging Strike
2-2: Strikes out looking
Batting: LHB Timon Giorgiou 0-0: Swinging Strike
0-1: Swinging Strike
0-2: Strikes out swinging
Batting: RHB Rusty Gee 0-0: Foul Ball, location: 2F
0-1: Foul Ball, location: 2F
0-2: Foul Ball, location: 2F
0-2: Ball
1-2: Ball
2-2: Foul Ball, location: 2F
2-2: Ground out 5-3 (Groundball, 56, EV 84.4 MPH)
Bottom of the 9th over - 0 runs, 0 hits, 0 errors, 0 left on base; University of Nebraska 0 - Arizona State University 0
TOP OF THE 10TH
University of Nebraska Cornhuskers batting - Pitching for Arizona State University Sun Devils : LHP Jeremiah Brown
Batting: RHB Will England 0-0: Called Strike
0-1: Foul Ball, location: 2F
0-2: Ball
1-2: Ball
2-2: SOLO HOME RUN (Flyball, 89XD, EV 99.4 MPH), Distance : 365 ft
Batting: RHB Aidan Collet 0-0: Ball
1-0: Ball
2-0: Called Strike
2-1: Ball
3-1: Swinging Strike
3-2: Strikes out swinging
Batting: RHB Danny Forbes 0-0: Ball
1-0: Ground out 6-3 (Groundball, 6, EV 95.0 MPH)
Batting: RHB Zion Jones 0-0: Ground out 4-3 (Groundball, 4, EV 100.0 MPH)
Top of the 10th over - 1 run, 1 hit, 0 errors, 0 left on base; University of Nebraska 1 - Arizona State University 0
BOTTOM OF THE 10TH
Arizona State University Sun Devils batting - Pitching for University of Nebraska Cornhuskers : RHP Jason Kelly
Pinch Hitting: RHB Kawenaula Kapali 0-0: Fly out, F8 (Flyball, 8LD, EV 106.2 MPH)
Batting: LHB Dustin Gill 0-0: Foul Ball, location: 2F
0-1: Ball
1-1: SOLO HOME RUN (Flyball, 9D, EV 96.9 MPH), Distance : 355 ft
Batting: RHB Jun-hyuk Leem 0-0: Called Strike
0-1: Ground out 5-3 (Groundball, 5S, EV 86.2 MPH)
Batting: RHB Carl Evans 0-0: Ball
1-0: Ball
2-0: Foul Ball, location: 2F
2-1: Ball
3-1: Base on Balls
Batting: RHB David Krebs 0-0: Ball
1-0: Ball
2-0: Called Strike
2-1: Called Strike
2-2: Foul Ball, location: 2F
2-2: Foul Ball, location: 2F
Pickoff Throw to First - Error! E1
Carl Evans to second
2-2: Ball
3-2: Intentional Walk
Pitching: LHP Nate Wood
Batting: LHB Burraga Iukini 0-0: Ball
1-0: Foul Ball, location: 2F
1-1: Ball
2-1: Fielders Choice at 2nd, U6 (Groundball, 6M, EV 78.8 MPH)
Bottom of the 10th over - 1 run, 1 hit, 1 error, 2 left on base; University of Nebraska 1 - Arizona State University 1
TOP OF THE 11TH
University of Nebraska Cornhuskers batting - Pitching for Arizona State University Sun Devils : LHP Jeremiah Brown
Now at 3B: Alonzo Cardona
Batting: RHB Chris Anthony 0-0: Called Strike
0-1: Ground out 6-3 (Groundball, 6, EV 106.2 MPH)
Batting: LHB Bob Appleby 0-0: Foul Ball, location: 2F
0-1: Ball
1-1: Ball
2-1: Called Strike
2-2: Ball
3-2: Base on Balls
Pitching: LHP Jorge Ruiz
Batting: LHB Avicenna Abdul-Muta'al 0-0: Ball
Bob Appleby is caught stealing 2nd base 2-6
1-0: Ball
2-0: Called Strike
2-1: Swinging Strike
2-2: Ball
3-2: Ground out 6-3 (Groundball, 6, EV 104.4 MPH)
Top of the 11th over - 0 runs, 0 hits, 0 errors, 0 left on base; University of Nebraska 1 - Arizona State University 1
BOTTOM OF THE 11TH
Arizona State University Sun Devils batting - Pitching for University of Nebraska Cornhuskers : LHP Nate Wood
Pitching: RHP Antonino Charno
Batting: RHB Israel Tobias 0-0: Called Strike
0-1: Ground out 6-3 (Groundball, 56, EV 83.8 MPH)
Batting: LHB Timon Giorgiou 0-0: Called Strike
0-1: Swinging Strike
0-2: Ball
1-2: Strikes out swinging
Batting: RHB Rusty Gee 0-0: Ball
1-0: Swinging Strike
1-1: Foul Ball, location: 2F
1-2: Ground out 5-3 (Groundball, 56S, EV 87.5 MPH)
Bottom of the 11th over - 0 runs, 0 hits, 0 errors, 0 left on base; University of Nebraska 1 - Arizona State University 1
TOP OF THE 12TH
University of Nebraska Cornhuskers batting - Pitching for Arizona State University Sun Devils : LHP Jorge Ruiz
Batting: RHB Jason Blakeley 0-0: Foul Ball, location: 2F
0-1: Swinging Strike
0-2: Ball
1-2: SOLO HOME RUN (Flyball, 78XD, EV 98.1 MPH), Distance : 376 ft
Batting: RHB Tariq Garane 0-0: Ball
1-0: Ball
2-0: Foul Ball, location: 2F
2-1: Foul Ball, location: 2F
2-2: Foul Ball, location: 2F
2-2: Foul Ball, location: 2F
2-2: Foul Ball, location: 2F
2-2: Strikes out swinging
Batting: RHB Will England 0-0: Called Strike
0-1: Ball
1-1: Called Strike
1-2: Ball
2-2: Ground out 4-3 (Groundball, 4S, EV 67.5 MPH)
Batting: RHB Aidan Collet 0-0: Ball
1-0: Called Strike
1-1: Ground out 6-3 (Groundball, 6, EV 91.9 MPH)
Top of the 12th over - 1 run, 1 hit, 0 errors, 0 left on base; University of Nebraska 2 - Arizona State University 1
BOTTOM OF THE 12TH
Arizona State University Sun Devils batting - Pitching for University of Nebraska Cornhuskers : RHP Antonino Charno
Batting: RHB Alonzo Cardona 0-0: Called Strike
0-1: Fly out, F9 (Flyball, 9, EV 90.0 MPH)
Batting: LHB Dustin Gill 0-0: Fly out, F7 (Line Drive, 78M, EV 98.1 MPH)
Batting: RHB Jun-hyuk Leem 0-0: Ball
1-0: Swinging Strike
1-1: Called Strike
1-2: Ball
2-2: Foul Ball, location: 2F
2-2: Ball
3-2: Strikes out swinging
Bottom of the 12th over - 0 runs, 0 hits, 0 errors, 0 left on base; University of Nebraska 2 - Arizona State University 1
Tuesday, March 28th , 2023 - OOTP Baseball 23.10 Build 110